 Dungeon Crawl Stone Soup version 0.19.0-19-g8c6edcc (webtiles) character file.

18753 Chiseanne the Spry (level 12, -1/62 (63) HPs)
             Began as a Spriggan Monk on Nov 13, 2016.
             Was a Priest of Qazlal.
             Killed by divine providence
             ... invoked by an orc priest
              (9 damage)
             ... on level 14 of the Dungeon.
             The game lasted 00:32:01 (12143 turns).

Chiseanne the Spry (Spriggan Monk)                 Turns: 12143, Time: 00:32:02

HP:   -1/62 (63)    AC:  8    Str: 10    XL:     12   Next: 30%
MP:   4/21          EV: 31    Int: 12    God:    Qazlal [***...]
Gold: 344           SH:  4    Dex: 20    Spells: 0 memorised, 11 levels left

rFire  + . .     SeeInvis +     a - +9 falchion (slice)
rCold  . . .     Gourm    .     N - +2 troll leather armour
rNeg   . . .     Faith    +     (shield restricted)
rPois  +         Spirit   .     (helmet restricted)
rElec  .         Reflect  .     p - +1 cloak
rCorr  .         Harm     .     (gloves unavailable)
MR     ++...                    (boots unavailable)
Stlth  ++........               n - amulet of faith
                                G - ring of poison resistance
                                u - ring of protection from fire

@: very quick
A: unfitting armour, see invisible, herbivore 3, speed 3, slow metabolism 2
a: Upheaval, Elemental Force, Renounce Religion


You were on level 14 of the Dungeon.
You worshipped Qazlal.
Qazlal was most pleased with you.
You were very full.

You visited 1 branch of the dungeon, and saw 14 of its levels.
You also visited: Ossuary.

You collected 793 gold pieces.
You spent 449 gold pieces at shops.

Inventory:

Hand Weapons
 a - a +9 falchion of slicing (weapon)
 K - a +5 scimitar
 L - a +4 scimitar
Missiles
 b - 7 curare-tipped needles
 d - 19 tomahawks (quivered)
 g - 526 stones
 h - 125 bolts
 l - 104 sling bullets
 q - 372 arrows
 r - 5 tomahawks of returning
 v - 25 poisoned needles
Armour
 e - a +2 robe of fire resistance
 p - a +1 cloak (worn)
 N - a +2 troll leather armour (worn)
Jewellery
 i - an uncursed amulet of regeneration
 n - an amulet of faith (around neck)
 u - a ring of protection from fire (left hand)
 z - an uncursed ring of resist corrosion
 G - a ring of poison resistance (right hand)
 H - an uncursed amulet of guardian spirit
Scrolls
 f - 3 scrolls of fog
 j - 2 scrolls of magic mapping
 k - 8 scrolls of remove curse
 m - 5 scrolls of teleportation
 I - 5 scrolls of recharging
 J - a scroll of amnesia
 M - a scroll of fear
 Q - a scroll of identify
 R - a scroll of immolation
Potions
 o - 2 potions of invisibility
 s - 3 potions of brilliance
 t - a potion of haste
 A - a potion of might
 B - a potion of resistance
 C - 2 potions of lignification
 D - 2 potions of heal wounds
 E - a potion of berserk rage
Books
 w - a book of Geomancy

   Spells                             Type                      Level
   a - Sandblast                      Earth                        1
   b - Passwall                       Transmutation/Earth          2
   c - Stone Arrow                    Conjuration/Earth            3
   d - Petrify                        Transmutation/Earth          4
   e - Lee's Rapid Deconstruction     Earth                        5
 y - a book of Necromancy

   Spells                             Type                      Level
   a - Pain                           Necromancy                   1
   b - Animate Skeleton               Necromancy                   1
   c - Vampiric Draining              Necromancy                   3
   d - Regeneration                   Charms/Necromancy            3
   e - Animate Dead                   Necromancy                   4
   f - Control Undead                 Necromancy                   4
Comestibles
 c - 8 bread rations
 F - 8 royal jellies


   Skills:
 - Level 7.0 Fighting
 * Level 10.1 Long Blades
 + Level 15.0 Dodging
 - Level 3.0 Stealth
 + Level 11.7 Invocations


You had 11 spell levels left.
You didn't know any spells.

Dungeon Overview and Level Annotations

Branches:
Dungeon (14/15)            Temple (0/1) D:7            Lair (0/6) D:9
    Orc (0/2) D:11
 Vaults: D:13-14

Altars:
Nemelex Xobeh
Qazlal
Ru
The Shining One

Shops:
D:6 %   D:14 ?


Innate Abilities, Weirdness & Mutations

You are very small and have problems with some larger weapons.
You are too small for most types of armour.
You have supernaturally acute eyesight. (SInv)
You are a herbivore.
You cover ground extremely quickly.
You need consume almost no food.


Message History

You slash the eye of draining!
The eye of draining is almost dead.
You slash the eye of draining!
You kill the eye of draining!
Qazlal accepts your kill.
The centaur warrior wields a glowing shortbow.
It bursts into flame!
The centaur warrior shoots an arrow.
The arrow hits you! The arrow burns you. The centaur completely misses you.
The orc priest mumbles some strange prayers to Beogh against you.
Beogh smites you!
You slash the centaur!
The centaur is almost dead.
The centaur warrior shoots an arrow.
The arrow hits you!!
* * * LOW HITPOINT WARNING * * *
The arrow burns you.
* * * LOW HITPOINT WARNING * * *
The centaur misses you.
The orc priest mumbles some strange prayers to Beogh against you.
Beogh smites you!
You die...

....##....#######.....#
....########...##.....#
...............'......#
.........?.....#......#
...............####...##
....))....##...###.....##
...).⌠!⌠..##....#.8...8.#.
....).∩........(§o(c......
....#⌠.⌠..##..§#@..c⌠.....
....##....##...+.c........
.....#....#######.8...8.#.
.....#<...# ##.....##
.....#....# ##...##
....###+### .##.. .... ..
.. .#


You could see a centaur warrior, 2 centaurs and an orc priest.

Vanquished Creatures
  Erolcha (D:12)
  A centaur warrior (D:13)
  Urug (D:12)
  3 hill giants
  Joseph (D:9)
  A kobold demonologist (D:14)
  3 trolls (D:11)
  Prince Ribbit (D:8)
  4 slime creatures
  A hippogriff (D:11)
  A wyvern (D:11)
  13 yaks
  3 wraiths (D:13)
  Grum (D:9)
  A hungry ghost (D:10)
  A mottled dragon (D:11)
  A soldier ant (D:13)
  3 wargs (D:9)
  3 orc warriors
  4 sky beasts
  A black bear (D:8)
  3 ice beasts
  3 eyes of draining
  4 phantoms
  7 ogres
  A necrophage (D:9)
  2 wolves (D:9)
  13 centaurs
  An elf zombie (Ossuary)
  4 bullfrogs
  A scorpion (D:4)
  8 killer bees
  A howler monkey (D:9)
  11 wights
  An electric eel (D:7)
  4 crimson imps
  A quasit (D:11)
  5 centaur zombies
  A bullfrog zombie (D:13)
  A human zombie (Ossuary)
  6 hounds
  6 jellies
  3 orc priests
  14 orc wizards
  3 bullfrog skeletons
  5 centaur skeletons
  A hell rat (D:5)
  12 worker ants
  An iguana (D:4)
  2 big kobold zombies (Ossuary)
  2 hound zombies
  2 hound skeletons (D:10)
  2 mummies (Ossuary)
  4 river rats (D:5)
  9 adders
  A shadow imp (D:10)
  6 oozes
  2 adder zombies
  3 worms
  3 dart slugs
  4 leopard geckos
  25 orcs
  A ball python (D:1)
  8 giant cockroaches
  5 goblins
  7 hobgoblins
  9 jackals
  6 quokkas
  4 bats
  5 frilled lizards
  A goblin zombie (Ossuary)
  9 hobgoblin zombies (Ossuary)
  11 kobolds
  12 kobold zombies (Ossuary)
  A leopard gecko skeleton (D:4)
  5 orc zombies (Ossuary)
  32 rats
  2 rat zombies (Ossuary)
  4 plants (D:7)
359 creatures vanquished.

Vanquished Creatures (collateral kills)
  3 hill giants
  Pikel (D:6)
  Maurice (D:9)
  A cyclops (D:11)
  Psyche (D:8)
  A slime creature (D:12)
  5 yaks (D:11)
  A hungry ghost (D:11)
  A slave (D:6)
  An ogre (D:8)
  A scorpion (D:7)
  A crimson imp (D:14)
  An adder (D:8)
  5 orcs
24 creatures vanquished.

Vanquished Creatures (others)
  A scorpion (D:6)
  An adder (D:7)
  A goblin (D:3)
  A kobold (D:3)
4 creatures vanquished.

Grand Total: 387 creatures vanquished

Notes
Turn   | Place    | Note
-------+----------+-------------------------------------------
     0 | D:1      | Chiseanne the Spriggan Monk began the quest for the Orb.
     0 | D:1      | Reached XP level 1. HP: 11/11 MP: 2/2
   135 | D:1      | Reached XP level 2. HP: 16/16 MP: 3/3
   934 | D:2      | Reached XP level 3. HP: 19/19 MP: 4/4
  1382 | D:2      | Reached XP level 4. HP: 17/23 MP: 5/5
  1384 | D:2      | Reached skill level 5 in Dodging
  1424 | D:3      | Found a stormy altar of Qazlal.
  1523 | D:3      | Became a worshipper of Qazlal Stormbringer
  1523 | D:3      | Reached * piety under Qazlal
  1523 | D:3      | Reached ** piety under Qazlal
  1684 | D:3      | Noticed a hungry ghost
  2066 | D:3      | Found a sparkling altar of Nemelex Xobeh.
  2141 | D:4      | Reached XP level 5. HP: 28/28 MP: 6/6
  2181 | D:4      | Reached skill level 1 in Invocations
  2317 | D:4      | Noticed an ogre
  2340 | D:4      | Killed an ogre
  2340 | D:4      | Reached XP level 6. HP: 32/32 MP: 3/8
  2455 | D:4      | Reached skill level 6 in Dodging
  2553 | D:4      | Found a sacrificial altar of Ru.
  2777 | D:5      | Entered Level 5 of the Dungeon
  2927 | D:5      | Reached skill level 11 in Dodging
  2927 | D:5      | Reached XP level 7. HP: 42/42 MP: 8/13
  3010 | D:5      | Reached *** piety under Qazlal
  3532 | D:6      | Reached XP level 8. HP: 46/46 MP: 14/14
  3705 | D:6      | Found a sand-covered staircase.
  3710 | Ossuary  | Entered an ossuary
  3777 | Ossuary  | Reached **** piety under Qazlal
  3854 | Ossuary  | Reached skill level 5 in Long Blades
  4100 | D:6      | Found Pasoent's Food Shop.
  4142 | D:6      | Noticed Pikel
  4152 | D:6      | Killed Pikel
  4339 | D:7      | Noticed a hill giant
  4352 | D:7      | Killed a hill giant
  4352 | D:7      | Reached skill level 12 in Dodging
  4394 | D:7      | Found a glowing golden altar of the Shining One.
  4446 | D:7      | Reached XP level 9. HP: 43/50 MP: 16/16
  4449 | D:7      | Found a staircase to the Ecumenical Temple.
  4999 | D:8      | Noticed Maurice
  4999 | D:8      | Noticed Psyche
  5005 | D:8      | Killed Psyche
  5095 | D:8      | Noticed Prince Ribbit
  5102 | D:8      | Killed Prince Ribbit
  5602 | D:9      | Noticed a hill giant
  5612 | D:9      | Killed a hill giant
  5659 | D:9      | Reached XP level 10. HP: 54/55 MP: 15/18
  5693 | D:9      | Noticed Grum
  5695 | D:9      | Noticed Joseph
  6420 | D:9      | Killed Joseph
  6704 | D:9      | Killed Grum
  7063 | D:9      | Found a staircase to the Lair.
  7370 | D:9      | Killed Maurice
  7848 | D:10     | Entered Level 10 of the Dungeon
  7903 | D:10     | Noticed a hill giant
  7924 | D:10     | Killed a hill giant
  7924 | D:10     | Reached skill level 13 in Dodging
  7924 | D:10     | Reached skill level 10 in Invocations
  8459 | D:10     | Noticed a hill giant
  8469 | D:10     | Killed a hill giant
  8754 | D:11     | Noticed a cyclops
  8763 | D:11     | Reached XP level 11. HP: 41/57 MP: 19/19
  9260 | D:11     | Noticed a hill giant
  9285 | D:11     | Killed a hill giant
  9667 | D:11     | Found a staircase to the Orcish Mines.
  9777 | D:11     | Reached skill level 14 in Dodging
 10030 | D:12     | Noticed Urug
 10093 | D:12     | Killed Urug
 10519 | D:12     | Noticed Erolcha
 10539 | D:12     | Killed Erolcha
 10808 | D:13     | Reached XP level 12. HP: 62/62 MP: 21/21
 11485 | D:13     | Noticed a centaur warrior
 11499 | D:13     | Killed a centaur warrior
 11538 | D:13     | Reached skill level 10 in Long Blades
 12040 | D:14     | Found Cahesche's Magic Scroll Boutique.
 12048 | D:14     | Reached skill level 15 in Dodging
 12065 | D:14     | Bought a scroll of enchant armour for 82 gold pieces
 12065 | D:14     | Bought a scroll of enchant weapon for 82 gold pieces
 12065 | D:14     | Bought a scroll of identify for 22 gold pieces
 12065 | D:14     | Bought a scroll of identify for 22 gold pieces
 12065 | D:14     | Bought 3 scrolls of identify for 66 gold pieces
 12065 | D:14     | Bought a scroll of recharging for 104 gold pieces
 12065 | D:14     | Bought a scroll of teleportation for 33 gold pieces
 12065 | D:14     | Bought a scroll of immolation for 38 gold pieces
 12138 | D:14     | Noticed a centaur warrior
 12143 | D:14     | Killed from afar by an orc priest

Skill      XL: |  1  2  3  4  5  6  7  8  9 10 11 12 |
---------------+-------------------------------------+-----
Long Blades    | 3 4 5 6 7 9 10 | 10.1
Dodging        | 5 11 12 13 14 15 | 15.0
Fighting       | 3 7 |  7.0
Invocations    | 2 7 8 9 10 11 | 11.7
Stealth        | |  3.0

Action                   |  1- 3 |  4- 6 |  7- 9 | 10-12 || total
-------------------------+-------+-------+-------+-------++-------
Melee: Falchion          |   100 |    43 |   212 |   550 ||   905
       Short sword       |       |    81 |    84 |       ||   165
Throw: Tomahawk          |       |     3 |       |    19 ||    22
       Throwing net      |       |     1 |       |       ||     1
       Stone             |       |     1 |       |       ||     1
Invok: Upheaval          |       |     1 |       |     8 ||     9
       Elemental Force   |       |       |     4 |    16 ||    20
  Use: Scroll            |     9 |     1 |     9 |    17 ||    36
       Potion            |     1 |     1 |       |     3 ||     5
 Stab: Sleeping          |     4 |       |       |       ||     4
       Distracted        |     1 |       |       |       ||     1
       Invisible         |       |       |       |     2 ||     2
  Eat: Pizza             |       |       |     3 |     1 ||     4
       Fruit             |       |       |       |     3 ||     3
       Royal jelly       |       |       |       |     4 ||     4
Armor: Robe              |    10 |    12 |    14 |    11 ||    47
       Troll leather arm |       |       |       |    14 ||    14
Dodge: Dodged            |   139 |   115 |   215 |   538 ||  1007
       Deflected         |       |       |       |     1 ||     1
Block: Other             |       |     7 |    53 |    89 ||   149
       Rpst.: Falchion   |    53 |    20 |    56 |   156 ||   285
